 Dungeon Crawl Stone Soup version 0.31-a0-1206-g41278d8d1d (webtiles) character file.

Game seed: 11917344414219700490

61 tilp the Vexing (level 3, 0/26 HPs)
             Began as a Vampire Enchanter on Dec 13, 2023.
             Killed from afar by an orc wizard (7 damage)
             ... with a puff of flame
             ... on level 3 of the Dungeon.
             The game lasted 00:02:46 (1494 turns).

tilp the Vexing (Vampire Enchanter)                 Turns: 1494, Time: 00:02:47

Health: 0/26       AC:  5    Str:  7    XL:     3   Next: 83%
Magic:  2/6        EV: 12    Int: 19    God:
Gold:   1250       SH:  0    Dex: 14    Spells: 1/6 levels left

rFire   . . .        a - +2 dagger (drain)
rCold   . . .        (no shield)
rNeg    . . .        g - +0 robe
rPois   .            h - +1 helmet
rElec   .            (no cloak)
rCorr   .            f - +0 pair of gloves
SInv    +            (no boots)
Will    .....        (no amulet)
Stlth   +++          (no ring)
HPRegen 0.44/turn    (no ring)
MPRegen 0.10/turn

%: no passive effects
@: healing quickly
A: alive, fangs 3, see invisible, vampiric 2
a: Exsanguinate


You were on level 3 of the Dungeon.
You visited 1 branch of the dungeon, and saw 3 of its levels.

You collected 1286 gold pieces.
You spent 36 gold pieces at shops.

Inventory:

Hand Weapons
 a - a +2 dagger of draining (weapon)
 b - a +1 dagger
Missiles
 l - 9 stones (quivered)
Armour
 f - a +0 pair of gloves (worn)
 g - a +0 robe (worn)
 h - a +1 helmet (worn)
Magical Staves
 i - a staff of air
Scrolls
 e - a scroll of fear
 n - a scroll of teleportation
Potions
 c - 2 potions of invisibility
 d - 2 potions of degeneration {unknown}
 j - a potion of brilliance {unknown}
 m - a potion of mutation {unknown}
 o - a potion of heal wounds {unknown}


   Skills:
 * Level 1.4 Fighting
 * Level 2.2 Short Blades
 + Level 2.6 Dodging
 + Level 4.7 Stealth
 + Level 2.2 Spellcasting
 + Level 4.8 Hexes


You had one spell level left.
You knew the following spells:

 Your Spells              Type           Power      Damage    Failure   Level
a - Ensorcelled Hibernat  Hex/Ice        22%        N/A       9%          2
b - Confusing Touch       Hex            20%        N/A       7%          3

Your spell library contained the following spells:

 Spells                   Type           Power      Damage    Failure   Level
 Tukima's Dance           Hex            20%        N/A       7%          3
 Dazzling Flash           Conj/Hex       22%        N/A       19%         3


Dungeon Overview and Level Annotations

Branches:
Dungeon (3/15)

Altars:

Shops:
D:1 *


Innate Abilities, Weirdness & Mutations

Your natural rate of healing is accelerated.
You have razor-sharp teeth.
You have supernaturally acute eyesight. (SInv)
You are afflicted with vampirism and can become a bat while bloodless.


Message History

The orc wizard points at you and mumbles some strange words.
The puff of flame hits you.
Things that are here:
a +0 hand axe; a +0 scale mail; an orc corpse You closely miss the orc wizard.
The orc wizard hits you with a +0 dagger.
You completely miss the orc wizard.
The orc wizard casts a spell.
The orc wizard flickers and vanishes for a moment.
You completely miss the orc wizard.
The orc throws a boomerang.
The boomerang closely misses the orc wizard.
The boomerang hits you but does no damage.
The orc wizard closely misses you.
You hit the orc wizard but do no damage.
The orc wizard points at you and mumbles some strange words.
The puff of flame hits you.
The orc throws a boomerang.
The boomerang hits the orc wizard.
You are too injured to fight recklessly!
You are too injured to fight recklessly!
You are too injured to fight recklessly!
Casting: Ensorcelled Hibernation (safe; 9% risk of failure)
Confirm with . or Enter, or press ? or * to list all spells.
Aiming: Ensorcelled Hibernation (safe; 9% risk of failure)
Press: ? - help, Shift-Dir - straight line, f - orc wizard
Aim: an orc wizard, wielding a +0 dagger and wearing a +0 robe (lightly wounded, slightly transparent, chance to affect: 45%)
The orc wizard resists with some effort.
The orc throws a boomerang.
The boomerang hits the orc wizard.
The orc wizard hits you with a +0 dagger.
Casting: Ensorcelled Hibernation (safe; 9% risk of failure)
Confirm with . or Enter, or press ? or * to list all spells.
Aiming: Ensorcelled Hibernation (safe; 9% risk of failure)
Press: ? - help, Shift-Dir - straight line, f/p - orc wizard
Aim: an orc wizard, wielding a +0 dagger and wearing a +0 robe (moderately wounded, slightly transparent, chance to affect: 45%)
The orc wizard resists with some effort.
The orc throws a boomerang.
The boomerang misses the orc wizard.
The boomerang hits you.
* * * LOW HITPOINT WARNING * * *
The orc wizard casts a spell at you. The puff of flame hits you!
You die...

############
....ooo@)..#
##########.#
#.#
#.#########
#.....<....
#..#######.
##..###
#.....##
#####......#


You could see an orc wizard (invisible) and 2 orcs.

Vanquished Creatures
  An adder (D:2)
  2 orcs (D:3)
  7 ball pythons
  7 endoplasms
  9 goblins
  A hobgoblin (D:1)
  2 jackals (D:2)
  4 kobolds
  2 quokkas
  5 bats
  2 frilled lizards (D:1)
  A rat (D:1)
43 creatures vanquished.

Notes
Turn   | Place    | Note
-------+----------+-------------------------------------------
     0 | D:1      | tilp the Vampire Enchanter began the quest for the Orb.
     0 | D:1      | Reached XP level 1. HP: 13/13 MP: 3/3
   140 | D:1      | Reached XP level 2. HP: 14/20 MP: 5/5
   246 | D:1      | Reached skill level 1 in Fighting
   274 | D:1      | Found Xaffaic's Assorted Antiques.
   277 | D:1      | Bought a scroll labelled RUPTOX OCSIH for 19 gold pieces
   277 | D:1      | Bought a cyan potion for 17 gold pieces
   410 | D:1      | Gained mutation: You are afflicted with vampirism and can
                  | become a bat while bloodless. [Vampire growth]
   410 | D:1      | Reached XP level 3. HP: 26/26 MP: 6/6
   415 | D:1      | Learned a level 2 spell: Ensorcelled Hibernation
   419 | D:1      | Learned a level 3 spell: Confusing Touch
  1292 | D:2      | Found a faded altar of an unknown god.
  1467 | D:3      | Identified a scroll of acquirement
  1467 | D:3      | Acquired 1148 gold pieces
  1494 | D:3      | Killed from afar by an orc wizard

Illustrated notes

Levels and vault maps discovered:
D:1:      dpeg_arrival_oval, layout_rooms, serial_shops,
          nicolae_shop_behind_doors
D:2:      layout_loops_ring, hellmonk_ecumenical_altar_inner_sanctum,
          wad_floor_pattern_untrapped, kennysheep_nub, grunt_ministairs_3
D:3:      layout_loops_ring, kennysheep_slug_shrine,
          wander_ebering_terrifying_dragon_lair

Skill      XL: |  1  2  3 |
---------------+----------+-----
Fighting       | 1 |  1.4
Short Blades   | 2 |  2.2
Dodging        | |  2.6
Stealth        | |  4.7
Spellcasting   | |  2.2
Hexes          | |  4.8

Action                     || total
---------------------------++-------
  Melee: Dagger            ||    98
         Bite              ||     9
   Cast: Ensorcelled Hiber ||     3
    Use: Scroll            ||     5
   Stab: Sleeping          ||     9
         Distracted        ||     1
 Armour: Robe              ||    61
  Dodge: Dodged            ||    48

Table legend: (Time is in decaauts)
 A = Elapsed time spent in this place.
 B = Non-inter-level travel time spent in this place.
 C = Inter-level travel time spent in this place.
 D = Time resting spent in this place.
 E = Time spent auto-exploring this place.
 F = Levels seen in this place.
 G = Mean time per level.
                   A        B        C        D        E       F      G
               +--------+--------+--------+--------+--------+-----+--------+
         Total |   1484 |   1414 |     70 |    100 |    993 |   3 |  494.7 |
       Dungeon |   1484 |   1414 |     70 |    100 |    993 |   3 |  494.7 |
               +--------+--------+--------+--------+--------+-----+--------+

Top non-repeatable levels by time:
     D:2: 778 daAuts
     D:1: 679 daAuts
     D:3: 27 daAuts
